 Dungeon Crawl Stone Soup version 0.27-a0-1590-g15f69828bf (webtiles) character file.

Game seed: 6374490636131768353

25645 flotson the Fighter (level 12, -2/95 HPs)
             Began as a Demonspawn Delver on July 18, 2021.
             Slain by a skeletal warrior (16 damage)
             ... on level 12 of the Dungeon on July 19, 2021.
             The game lasted 00:46:03 (24964 turns).

flotson the Fighter (Demonspawn Delver)            Turns: 24964, Time: 00:46:04

Health: -2/95      AC: 12    Str: 24    XL:     12   Next: 91%
Magic:  12/12      EV: 15    Int: 11    God:
Gold:   764        SH: 18    Dex: 19    Spells: 11/11 levels left

rFire    . . .     SeeInvis +   a - +2 flail (drain)
rCold    + + +     Faith    .   S - +2 kite shield
rNeg     . . .     Spirit   .   k - +4 skin of Zhor {*Englaciate rC+++ SInv}
rPois    .         Reflect  +   b - +2 hat
rElec    .         Harm     .   i - scarf {repulsion}
rCorr    .         Rampage  .   O - +0 pair of gloves
Will     .....                  U - +1 pair of boots
Stlth    +++++.....             F - amulet of reflection
HPRegen  0.25/turn              W - ring of flight
MPRegen  0.13/turn              Z - +6 ring of strength

@: about to teleport, flying, repel missiles
A: hooves 1, thin skeletal structure 2, foul stench 1, powered by death 1
a: no special abilities


You were on level 12 of the Dungeon.
You visited 2 branches of the dungeon, and saw 14 of its levels.
You also visited: Sewer and Ice Cave.

You collected 1005 gold pieces.
You spent 241 gold pieces at shops.

Inventory:

Hand Weapons
 a - a +2 flail of draining (weapon)
Missiles
 h - 59 poisoned darts (quivered)
 t - 31 boomerangs
 N - a throwing net
 P - 5 silver boomerangs
Armour
 b - a +2 hat (worn)
 i - a scarf of repulsion (worn)
 k - the +4 skin of Zhor (worn) {*Englaciate rC+++ SInv}
   (You found it in an ice cave)

   It radiates cold, occasionally slowing all nearby creatures who are not
   resistant to cold.
   rC:        It renders you almost immune to cold.
   SInv:      It lets you see invisible.
 A - a +0 scale mail of willpower
 O - a +0 pair of gloves (worn)
 Q - a +2 ring mail of fire resistance
 S - a +2 kite shield (worn)
 U - a +1 pair of boots (worn)
Jewellery
 e - the ring of Obrodytry {rCorr Slay+2}
   (You found it in a sewer)

   [ring of resist corrosion]

   Slay:      It affects your accuracy & damage with ranged weapons and melee
   (+2).
   rCorr:     It protects you from acid and corrosion.
 C - the ring "Lomueblu" {rF+ rC+ Dex+7}
   (You found it in an ice cave)

   [ring of protection from cold]

   Dex:       It affects your dexterity (+7).
   rF:        It protects you from fire.
   rC:        It protects you from cold.
 F - an amulet of reflection (around neck)
 W - a ring of flight (left hand)
 Z - a +6 ring of strength (right hand)
Wands
 g - a wand of digging (14)
 y - a wand of paralysis (1)
 G - a wand of charming (6)
 J - a wand of flame (18)
 M - a wand of polymorph (19)
 R - a wand of iceblast (4)
Scrolls
 c - 4 scrolls of fog
 f - 2 scrolls of acquirement {unknown}
 j - 3 scrolls of blinking {unknown}
 m - 3 scrolls of enchant weapon {unknown}
 n - 2 scrolls of silence {unknown}
 p - a scroll of noise {unknown}
 q - 3 scrolls of fear
 r - 4 scrolls of teleportation
 u - a scroll of summoning {unknown}
 D - 3 scrolls of amnesia {unknown}
 E - a scroll of vulnerability {unknown}
 H - a scroll of brand weapon {unknown}
 X - 2 scrolls of enchant armour {unknown}
Potions
 d - 3 potions of haste
 o - 3 potions of might
 s - 2 potions of attraction
 v - 2 potions of resistance
 w - 2 potions of curing
 x - a potion of cancellation
 z - a potion of ambrosia
 B - a potion of mutation
 I - a potion of lignification {unknown}
 K - 2 potions of berserk rage
 L - 3 potions of heal wounds
 T - 2 potions of flight
Miscellaneous
 V - a lightning rod (inert)


   Skills:
 + Level 9.3 Fighting
 + Level 8.2 Axes
 + Level 8.0 Throwing
 + Level 7.9 Armour
 + Level 8.2 Dodging
 - Level 4.5 Stealth
 + Level 5.9 Shields
 + Level 8.2 Evocations


You had 11 spell levels left.
You didn't know any spells.
Your spell library contained the following spells:

 Spells                   Type           Power      Damage    Failure   Level
 Pain                     Necr           0%         1d4       75%         1
 Sandblast                Erth           0%         2d4       75%         1
 Shock                    Conj/Air       0%         1d3       75%         1
 Summon Small Mammal      Summ           0%         N/A       75%         1
 Corpse Rot               Necr/Air       N/A        N/A       86%         2
 Passwall                 Tmut/Erth      0%         N/A       86%         2
 Poisonous Vapours        Pois/Air       0%         N/A       86%         2
 Slow                     Hex            0%         N/A       86%         2
 Confusing Touch          Hex            0%         N/A       98%         3
 Gell's Gravitas          Tloc           0%         N/A       98%         3
 Lesser Beckoning         Tloc           0%         N/A       98%         3
 Mephitic Cloud           Conj/Pois/Air  0%         N/A       98%         3
 Portal Projectile        Hex/Tloc       0%         N/A       98%         3
 Stone Arrow              Conj/Erth      0%         3d7       98%         3
 Swiftness                Air            0%         N/A       98%         3
 Teleport Other           Tloc           0%         N/A       98%         3
 Vampiric Draining        Necr           0%         2d6       98%         3
 Airstrike                Air            0%         N/A       100%        4
 Animate Armour           Summ/Erth      0%         N/A       100%        4
 Dispel Undead            Necr           0%         3d6       100%        4
 Summon Ice Beast         Ice/Summ       0%         N/A       100%        4
 Agony                    Necr           0%         N/A       100%        5
 Blade Hands              Tmut           0%         N/A       100%        5
 Excruciating Wounds      Necr           0%         N/A       100%        5
 Fireball                 Conj/Fire      0%         3d3       100%        5
 Freezing Cloud           Conj/Ice/Air   0%         6-21      100%        5
 Iskenderun's Battlesphe  Conj           0%         2d6       100%        5
 Lee's Rapid Deconstruct  Erth           0%         3d5*      100%        5
 Summon Mana Viper        Hex/Summ       0%         N/A       100%        5
 Conjure Ball Lightning   Conj/Air       0%         3x3d6     100%        6
 Death Channel            Necr           0%         N/A       100%        6
 Iron Shot                Conj/Erth      0%         9d1       100%        6
 Monstrous Menagerie      Summ           0%         N/A       100%        7
 Orb of Destruction       Conj           0%         N/A       100%        7
 Discord                  Hex            0%         N/A       100%        8
 Disjunction              Tloc           0%         N/A       100%        8
 Lehudib's Crystal Spear  Conj/Erth      0%         10d2      100%        8


Dungeon Overview and Level Annotations

Branches:
Dungeon (13/15)            Temple (0/1) D:6            Lair (1/6) D:9
    Orc (0/2) D:11          Sewer (visited)           IceCv (visited)
 Vaults: D:13-14

Altars:
Ashenzari
Dithmenos
Fedhas
Kikubaaqudgha
Makhleb
Nemelex Xobeh
Okawaru
Ru
Trog
Yredelemnul
Zin
The Shining One

Shops:
D:2 [   D:5 *::!

Annotations:
D:11 3 runed translucent doors


Innate Abilities, Weirdness & Mutations

You have large cloven feet.
You have a moderately thin skeletal structure. (Dex +4, Stealth++)
You may rarely emit foul miasma when damaged in melee.
You regenerate a little health from kills.


Message History

The skeletal warrior is moderately damaged.
You block the skeletal warrior's attack.
You hit the skeletal warrior but do no damage.
The skeletal warrior is moderately damaged.
You block the skeletal warrior's attack.
The skeletal warrior hits you with a +0 battleaxe!
You thump the skeletal warrior!
The skeletal warrior is moderately damaged.
The skeletal warrior hits you with a +0 battleaxe!!
You are too injured to fight recklessly!
You are too injured to fight recklessly!
You are too injured to fight recklessly!
You are too injured to fight recklessly!
You are too injured to fight recklessly!
You are too injured to fight recklessly!
You are too injured to fight recklessly!
You radiate an aura of cold.
The skeletal warrior is unaffected.
Aiming: Paralyse
Press: ? - help, Shift-Dir - straight line, f - skeletal warrior
Aim: a skeletal warrior, wielding a +0 battleaxe and wearing a +0 scale mail (moderately damaged, chance to affect: 9%)
Okay, then.
Unknown command.
Aiming: Thunderbolt
Press: ? - help, Shift-Dir - straight line, f - skeletal warrior
Aim: a skeletal warrior, wielding a +0 battleaxe and wearing a +0 scale mail (moderately damaged)
The thunderbolt hits the skeletal warrior but does no damage.
The skeletal warrior is moderately damaged.
The lightning rod overheats!
You radiate an aura of cold.
The skeletal warrior is unaffected.
The skeletal warrior hits you with a +0 battleaxe!!
* * * LOW HITPOINT WARNING * * *
Press: ? - help, v - describe, . - travel
Here: a skeletal warrior, wielding a +0 battleaxe and wearing a +0 scale mail (moderately damaged)
The floor.
Okay, then.
Unknown command.
As you read the scroll of teleportation, it crumbles to dust.
You feel strangely unstable.
The skeletal warrior hits you with a +0 battleaxe!
You die...

≈# #.###.#.#.#.#.###....####.#
≈###..##...###...##..##....#.#
≈.......................<#.#.#
≈.##.....##.#.##.##.....##.#.#
≈.##.^#.###.#.##.##..........#
≈....<.>................##.###
≈##.#.#.####..##.##.###.##.#
≈##.#.).......##z##.# #.##.#
≈##.###.###[..##@##.# #.##.#
≈##.# #.# #...##.##.# #.##.#
###.# #.# #...##....# #.##.#
#.# #.# #......#..###.##.#
#.###.###..###.#....#.##.#
#.......=...##.######.##.#
###.###.###.............##.#
...........................#
#######.##.....#.....#######


You could see a skeletal warrior.

Vanquished Creatures
  A ghoul (D:13)
  A hydra (D:12)
  A centaur warrior (D:13)
  5 two-headed ogres
  2 bog bodies (IceCv)
  An orc knight (D:10)
  2 cyclopes
  A manticore (D:11)
  Maurice (D:9)
  An elephant (D:9)
  Joseph (D:9)
  An ice statue (IceCv)
  Psyche (D:9)
  2 anaconda simulacra (IceCv)
  A komodo dragon (Lair:1)
  An entropy weaver simulacrum (IceCv)
  4 trolls
  A meliai zombie (D:13)
  A vampire (D:12)
  19 yaks
  3 water elementals (D:12)
  3 hogs (D:8)
  A shadow (D:11)
  A dire elephant simulacrum (IceCv)
  A wyvern (D:9)
  4 wraiths
  Eustachio (D:4)
  A human (D:8)
  2 basilisks
  2 death yak simulacra (IceCv)
  Menkaure (D:7)
  3 vampire mosquitoes (D:10)
  A steam dragon (D:8)
  An acid dragon (D:10)
  A water moccasin (D:9)
  2 ice beasts (D:7)
  2 black bears
  7 orc warriors
  2 necrophages
  An ogre (D:5)
  5 centaurs
  2 kobold brigands
  4 bullfrogs
  8 two-headed ogre simulacra (IceCv)
  A scorpion (D:5)
  2 gnoll sergeants
  10 killer bees
  6 electric eels
  10 wights
  2 howler monkeys
  A bullfrog zombie (D:6)
  8 centaur zombies
  A gnoll shaman (D:5)
  10 orc priests
  Jessica (D:2)
  3 iguanas
  12 orc wizards
  6 polar bear simulacra (IceCv)
  A killer bee zombie (D:4)
  6 spriggan simulacra (IceCv)
  2 troll simulacra (IceCv)
  2 wolf simulacra (IceCv)
  2 hound zombies (D:5)
  2 mummies (D:13)
  A howler monkey zombie (D:5)
  15 gnolls
  11 adders
  6 naga simulacra (IceCv)
  16 white imps
  9 ufetubi
  2 worms
  2 dart slugs
  58 orcs
  8 endoplasms
  10 giant cockroaches
  12 goblins
  7 hobgoblins
  11 jackals
  20 kobolds
  5 quokkas
  10 ball pythons
  6 bats
  14 frilled lizards
  4 rats
422 creatures vanquished.

Vanquished Creatures (collateral kills)
  A harpy simulacrum (IceCv)
1 creature vanquished.

Vanquished Creatures (others)
  An anaconda simulacrum (IceCv)
  3 fungi (D:5)
  5 plants (D:5)
9 creatures vanquished.

Grand Total: 432 creatures vanquished

Notes
Turn   | Place    | Note
-------+----------+-------------------------------------------
     0 | D:5      | flotson the Demonspawn Delver began the quest for the Orb.
     0 | D:5      | Reached XP level 1. HP: 18/18 MP: 1/1
    34 | D:4      | Found a glowing drain.
    43 | Sewer    | Entered a sewer
    94 | Sewer    | Gained mutation: You have large cloven feet. [demonic
                  | ancestry]
    94 | Sewer    | Reached XP level 2. HP: 18/24 MP: 2/2
   576 | Sewer    | Gained mutation: You have a somewhat thin skeletal
                  | structure. (Dex +2, Stealth+) [demonic ancestry]
   576 | Sewer    | Reached XP level 3. HP: 11/29 MP: 3/3
   580 | Sewer    | Reached skill level 1 in Armour
   878 | Sewer    | Reached skill level 1 in Throwing
   905 | Sewer    | Noticed a bullfrog
   916 | Sewer    | Killed a bullfrog
   917 | Sewer    | Reached XP level 4. HP: 19/36 MP: 4/4
   926 | Sewer    | Noticed a bullfrog
  1363 | Sewer    | Killed a bullfrog
  1364 | Sewer    | Gained mutation: You regenerate a little health from kills.
                  | [demonic ancestry]
  1364 | Sewer    | Reached XP level 5. HP: 8/42 MP: 5/5
  1644 | Sewer    | Identified the ring of Obrodytry {rCorr Slay+2}
  2184 | D:3      | Found a sacrificial altar of Ru.
  2488 | D:3      | Reached skill level 4 in Fighting
  2677 | D:2      | Noticed Jessica
  2683 | D:2      | Killed Jessica
  2684 | D:2      | Reached XP level 6. HP: 28/48 MP: 6/6
  3656 | D:2      | Found Parghudack's Antique Armour Emporium.
  4054 | D:3      | Found a sparkling altar of Nemelex Xobeh.
  4976 | D:4      | Noticed Eustachio
  5018 | D:4      | Killed Eustachio
  5019 | D:4      | Reached skill level 1 in Evocations
  5019 | D:4      | Reached XP level 7. HP: 52/55 MP: 7/7
  5282 | D:4      | Found a burning altar of Makhleb.
  5739 | D:5      | Found Nuruamo's Book Shop.
  5739 | D:5      | Found Usuf's Book Boutique.
  6229 | D:5      | Found a blossoming altar of Fedhas.
  6255 | D:5      | Gained mutation: You have a moderately thin skeletal
                  | structure. (Dex +4, Stealth++) [demonic ancestry]
  6255 | D:5      | Reached XP level 8. HP: 46/61 MP: 8/8
  6389 | D:5      | Found Utuqy's General Store.
  6397 | D:5      | Reached skill level 5 in Fighting
  6401 | D:5      | Bought a scroll of identify for 24 gold pieces
  6474 | D:5      | Found a bloodstained altar of Trog.
  7283 | D:6      | Found a staircase to the Ecumenical Temple.
  8055 | D:7      | Noticed Menkaure
  8067 | D:7      | Killed Menkaure
  8343 | D:7      | Found an iron altar of Okawaru.
  8367 | D:7      | Reached XP level 9. HP: 39/69 MP: 9/9
  8663 | D:7      | Reached skill level 5 in Dodging
  8680 | D:7      | Noticed a two-headed ogre
  8685 | D:7      | Killed a two-headed ogre
  8686 | D:7      | Reached skill level 6 in Fighting
  8686 | D:7      | Reached skill level 5 in Axes
  8913 | D:7      | Reached skill level 5 in Throwing
  9783 | D:7      | Found an iron altar of Okawaru.
 10213 | D:8      | Reached skill level 5 in Armour
 10373 | D:8      | Found a basalt altar of Yredelemnul.
 10735 | D:8      | Noticed a troll
 10738 | D:8      | Killed a troll
 10739 | D:8      | Reached skill level 1 in Shields
 10823 | D:8      | Reached skill level 5 in Evocations
 10956 | D:8      | Gained mutation: You may rarely emit foul miasma when
                  | damaged in melee. [demonic ancestry]
 10956 | D:8      | Reached XP level 10. HP: 72/77 MP: 10/10
 11946 | D:9      | Noticed Psyche
 11951 | D:9      | Killed Psyche
 11952 | D:9      | Reached skill level 7 in Fighting
 12050 | D:9      | Noticed Joseph
 12100 | D:9      | Killed Joseph
 12475 | D:9      | Found a staircase to the Lair.
 12475 | D:9      | Noticed an elephant
 12681 | D:9      | Killed an elephant
 13234 | D:9      | Noticed Maurice
 13244 | D:9      | Killed Maurice
 13347 | D:9      | Reached XP level 11. HP: 70/84 MP: 11/11
 14102 | D:9      | Identified the +1 leather armour of Okawaru's Approval
                  | {rC+}
 14258 | D:2      | Bought a pair of runed boots for 217 gold pieces
 14433 | D:10     | Entered Level 10 of the Dungeon
 14434 | D:10     | Found an ancient bone altar of Kikubaaqudgha.
 14826 | D:10     | Found a shadowy altar of Dithmenos.
 15356 | D:10     | Found a broken altar of Ashenzari.
 16580 | D:10     | Noticed an orc knight
 16593 | D:10     | Killed an orc knight
 16594 | D:10     | Reached skill level 8 in Fighting
 16674 | D:11     | Noticed a two-headed ogre
 16712 | D:11     | Killed a two-headed ogre
 17030 | D:11     | Found a staircase to the Orcish Mines.
 17176 | D:11     | HP: 4/87 [something (26)]
 17564 | D:11     | Noticed a two-headed ogre
 17569 | D:11     | Killed a two-headed ogre
 17627 | D:11     | Found a runed translucent gate.
 17627 | D:11     | Found a runed translucent gate.
 17627 | D:11     | Found a runed translucent gate.
 17628 | D:11     | Noticed a glowing orange brain
 17628 | D:11     | Noticed a brown ugly thing
 17628 | D:11     | Noticed a green ugly thing
 17987 | D:11     | Noticed a cyan ugly thing
 18218 | D:12     | Found a frozen archway.
 18261 | IceCv    | Entered an ice cave
 18338 | IceCv    | Reached XP level 12. HP: 94/94 MP: 12/12
 20427 | IceCv    | Found the +4 skin of Zhor {*Englaciate rC+++ SInv}
 20971 | IceCv    | Reached skill level 5 in Shields
 21745 | IceCv    | Identified the ring "Lomueblu" {rF+ rC+ Dex+7}
 21750 | IceCv    | Got the Reference Book on Calling
 22354 | D:12     | Identified the +9 long sword of the Rattlesnake {pain,
                  | rPois rCorr Stlth+}
 22447 | D:12     | Noticed a two-headed ogre
 22456 | D:12     | Killed a two-headed ogre
 22769 | D:12     | Noticed a two-headed ogre
 22777 | D:12     | Killed a two-headed ogre
 22849 | D:12     | Noticed a seven-headed hydra
 22866 | D:12     | Killed a seven-headed hydra
 22867 | D:12     | Reached skill level 9 in Fighting
 24215 | Lair:1   | Entered Level 1 of the Lair of Beasts
 24455 | D:13     | Noticed a centaur warrior
 24472 | D:13     | Killed a centaur warrior
 24522 | D:13     | Noticed a ghoul
 24555 | D:13     | Killed a ghoul
 24964 | D:12     | Slain by a skeletal warrior

Illustrated notes

Levels and vault maps discovered:
D:1:      dpeg_arrival_signposts, layout_basic, minmay_stone_trees_medium,
          feat_on_display
D:2:      layout_loops_ring, serial_shops, nicolae_shop_waterfront, uniq_jessica
D:3:      layout_basic, nemelex_spade_bored_becter, zin_scriptorium,
          nicolae_ru_great_annihilating_truth
D:4:      layout_loops_corners, mainiacjoe_overflow_brackets,
          cheibrodos_sewer_entry_sluice, uniq_eustachio
D:5:      layout_rooms, lightli_temple_of_fire, fedhas_altar_3, serial_shops,
          kennysheep_little_box, nicolae_stop_n_shop_1, shop, shop,
          interstate_on_off, kennysheep_generic_room_8
D:6:      layout_basic, minmay_temple_entry_large_hall, glass_columns_b,
          minmay_misc_feat_roman
D:7:      layout_basic, okawaru_trees_2, uniq_menkaure
D:8:      layout_basic, kennysheep_mini, nicolae_tso_carved_into_rock,
          grunt_livestock, amcnicky_mini_pool_medium
D:9:      layout_long_grid, david_lair_generic, uniq_joseph, uniq_maurice,
          uniq_psyche
D:10:     cheibrodos_orc_bank, layout_basic, lemuel_doored_altar,
          mainiacjoe_overflow_large_starburst, minmay_door_square
D:11:     layout_big_octagon, erik_orc_4,
          ploomutoo_gammafunk_ghost_potion_laboratory
D:12:     layout_basic, portal_ice_cave_entry_imps, minmay_starry_boxes
D:13:     layout_rooms, serial_undead, serial_undead_f, serial_undead_a,
          serial_undead_d, serial_undead_c
Lair:1:   layout_gridlike, st_stairs_6, grunt_megastairs_1,
          infiniplex_staircase_pool_2, lemuel_fruit_fields,
          serial_bayou_shore_b, serial_bayou_shore_b

Skill      XL: |  1  2  3  4  5  6  7  8  9 10 11 12 |
---------------+-------------------------------------+-----
Axes           | 2 3 4 5 6 7 8 |  8.2
Dodging        | 2 3 4 5 6 7 8 |  8.2
Armour         | 1 2 3 4 5 6 7 |  7.9
Throwing       | 1 2 3 4 5 6 7 8 |  8.0
Fighting       | 4 5 6 7 8 9 |  9.3
Evocations     | 1 2 3 5 6 7 8 |  8.2
Shields        | 1 3 4 5 |  5.9
Stealth        | |  4.5

Action                   |  1- 3 |  4- 6 |  7- 9 | 10-12 || total
-------------------------+-------+-------+-------+-------++-------
Melee: Hand axe          |    46 |    33 |       |       ||    79
       Kick              |     4 |    54 |   189 |   159 ||   406
       Dagger            |       |   188 |   453 |   931 ||  1572
       Flail             |       |       |       |   488 ||   488
Throw: Dart              |    13 |    12 |    45 |    59 ||   129
Evoke: Wand              |       |     1 |     5 |    56 ||    62
       Lightning rod     |       |       |       |     9 ||     9
  Use: Scroll            |     1 |     1 |     7 |     8 ||    17
       Potion            |     1 |       |       |     1 ||     2
 Stab: Sleeping          |       |    37 |     5 |    13 ||    55
       Paralysed         |       |     1 |       |    47 ||    48
       Invisible         |       |     1 |       |       ||     1
       Distracted        |       |       |     4 |     1 ||     5
Armor: Leather armour    |    10 |    40 |       |       ||    50
       Scale mail        |       |    45 |   213 |    31 ||   289
       Ring mail         |       |       |       |   269 ||   269
       Animal skin       |       |       |       |   163 ||   163
Dodge: Dodged            |    40 |   122 |   219 |   635 ||  1016
       Repelled          |     2 |       |     3 |    13 ||    18
Block: Other             |       |       |    70 |       ||    70
       Reflection        |       |       |     5 |    16 ||    21
       Kite shield       |       |       |    61 |  1103 ||  1164
       Buckler           |       |       |       |   168 ||   168

Table legend: (Time is in decaauts)
 A = Elapsed time spent in this place.
 B = Non-inter-level travel time spent in this place.
 C = Inter-level travel time spent in this place.
 D = Time resting spent in this place.
 E = Time spent auto-exploring this place.
 F = Levels seen in this place.
 G = Mean time per level.
                   A        B        C        D        E       F      G
               +--------+--------+--------+--------+--------+-----+--------+
         Total |  25585 |  24406 |   1179 |   3390 |  15418 |  16 | 1599.1 |
       Dungeon |  19702 |  18547 |   1155 |   2363 |  11736 |  13 | 1515.5 |
          Lair |     89 |     66 |     23 |      0 |     49 |   1 |   89.0 |
         Sewer |   2197 |   2197 |      0 |    313 |   1526 |   1 | 2197.0 |
      Ice Cave |   3595 |   3595 |      0 |    714 |   2106 |   1 | 3595.0 |
               +--------+--------+--------+--------+--------+-----+--------+

Top non-repeatable levels by time:
   IceCv: 3595 daAuts
     D:9: 2960 daAuts
     D:7: 2212 daAuts
   Sewer: 2197 daAuts
    D:10: 2094 daAuts
    D:11: 1959 daAuts
    D:12: 1866 daAuts
     D:8: 1608 daAuts
     D:5: 1409 daAuts
     D:4: 1264 daAuts
     D:3: 1244 daAuts
     D:6: 1037 daAuts
    D:13: 726 daAuts
     D:2: 671 daAuts
     D:1: 646 daAuts
